 Dungeon Crawl Stone Soup version 0.25-a0-98-g0cf78c2 (webtiles) character file.

Game seed: 11480444545611001925, levelgen mode: deterministic

75 Spazmo the Magician (level 4, -2/24 HPs)
             Began as a Deep Elf Fire Elementalist on Nov 13, 2019.
             Slain by an ice beast (3 damage)
             ... on level 3 of the Dungeon.
             The game lasted 00:04:28 (1461 turns).

Spazmo the Magician (Deep Elf Fire Elementalist)    Turns: 1461, Time: 00:04:28

Health: -2/24      AC:  3    Str:  5    XL:     4   Next: 11%
Magic:  0/12       EV: 13    Int: 21    God:
Gold:   156        SH:  0    Dex: 15    Spells: 1/11 levels left

rFire    . . .     SeeInvis .   h - +1 short sword
rCold    . . .     Gourm    .   (no shield)
rNeg     . . .     Faith    .   a - +1 robe
rPois    .         Spirit   .   (no helmet)
rElec    .         Reflect  .   (no cloak)
rCorr    .         Harm     .   (no gloves)
MR       .....                  (no boots)
Stlth    ++........             (no amulet)
HPRegen  0.08/turn              (no ring)
MPRegen  0.13/turn              (no ring)

@: very slightly contaminated
A: no striking features
a: no special abilities


You were on level 3 of the Dungeon.
You were not hungry.

You visited 1 branch of the dungeon, and saw 3 of its levels.

You collected 156 gold pieces.

Inventory:

Hand Weapons
 h - a +1 short sword (weapon)
Missiles
 b - 36 stones (quivered)
Armour
 a - a +1 robe (worn)
Scrolls
 k - a scroll of blinking
 l - a scroll of identify
Potions
 d - 2 potions of flight
 e - a potion of haste
 g - a potion of agility {unknown}
 i - a potion of heal wounds
 j - 2 potions of curing
 m - a potion of lignification {unknown}
Comestibles
 c - 3 rations
 f - 4 chunks of flesh


   Skills:
 - Level 2.4 Dodging
 - Level 2.4 Stealth
 + Level 4.2 Spellcasting
 + Level 2.5 Conjurations
 + Level 4.1 Fire Magic


You had one spell level left.
You knew the following spells:

 Your Spells              Type           Power        Failure   Level  Hunger
a - Flame Tongue          Conj/Fire      ###..        3%          1    None
b - Throw Flame           Conj/Fire      ###...       4%          2    #......
c - Conjure Flame         Conj/Fire      ###.....     9%          3    ##.....
d - Sticky Flame          Conj/Fire      ###.....     28%         4    ####...

Your spell library contained the following spells:

 Spells                   Type           Power        Failure   Level  Hunger
 Inner Flame              Hex/Fire       ##......     16%         3    ##.....
 Fireball                 Conj/Fire      ###.......   63%         5    ######.


Dungeon Overview and Level Annotations

Branches:
Dungeon (3/15)

Altars:
Ashenzari


Message History

Aim: an ice beast (almost dead)
The flame tongue misses the ice beast.
The ice beast hits you.
* * * LOW HITPOINT WARNING * * *
The ice beast freezes you.
* * * LOW HITPOINT WARNING * * *
Casting: Flame Tongue (safe; 3% risk of failure)
Confirm with . or Enter, or press ? or * to list all spells.
Aiming: Flame Tongue (safe; 3% risk of failure)
Press: ? - help, Shift-Dir - straight line, f/p - ice beast
Aim: an ice beast (almost dead)
The flame tongue hits the ice beast but does no damage.
The ice beast is almost dead.
The ice beast barely misses you.
Casting: Flame Tongue (safe; 3% risk of failure)
Confirm with . or Enter, or press ? or * to list all spells.
Aiming: Flame Tongue (safe; 3% risk of failure)
Press: ? - help, Shift-Dir - straight line, f/p - ice beast
Aim: an ice beast (almost dead)
The flame tongue misses the ice beast.
The ice beast hits you.
You die...

#.. #.# #.# #.# #.#
####?###### #.#
#.........# #.#
#.........# #.#
#....Y....# #.# #@# #.#
#.############.###
#######>................
...............).(......
#######.##########)#....
#........ ........
#.##########.#.### #.#
#.#.### #.. .......


You could see an ice beast.

Vanquished Creatures
  A gnoll (D:1)
  2 adders (D:2)
  2 dart slugs
  2 leopard geckos (D:1)
  2 orcs
  4 giant cockroaches
  3 goblins
  4 hobgoblins
  2 quokkas (D:2)
  8 bats
  2 frilled lizards (D:1)
  4 kobolds
  5 rats
41 creatures vanquished.

Notes
Turn   | Place    | Note
-------+----------+-------------------------------------------
     0 | D:1      | Spazmo the Deep Elf Fire Elementalist began the quest for
                  | the Orb.
     0 | D:1      | Reached XP level 1. HP: 10/10 MP: 6/6
   108 | D:1      | Found a shattered altar of Ashenzari.
   157 | D:1      | Reached XP level 2. HP: 2/15 MP: 0/8
   497 | D:1      | Reached XP level 3. HP: 19/19 MP: 1/10
   501 | D:1      | Learned a level 2 spell: Throw Flame
   505 | D:1      | Learned a level 3 spell: Conjure Flame
  1264 | D:2      | Reached XP level 4. HP: 24/24 MP: 4/12
  1270 | D:2      | Learned a level 4 spell: Sticky Flame
  1451 | D:3      | Noticed an ice beast
  1459 | D:3      | HP: 1/24 [ice beast (5)]
  1461 | D:3      | Slain by an ice beast

Levels and vault maps discovered:
D:1:      ebering_trefoil_3fold, layout_loops_ring, ashenzari_altar_1
D:2:      layout_loops_ring, first_ration
D:3:      layout_basic

Skill      XL: |  1  2  3 |
---------------+----------+-----
Conjurations   | 2 |  2.5
Spellcasting   | 4 |  4.2
Fire Magic     | 4 |  4.1
Dodging        | |  2.4
Stealth        | |  2.4

Action                   |  1- 3 |  4- 6 || total
-------------------------+-------+-------++-------
Throw: Stone             |     1 |       ||     1
 Cast: Flame Tongue      |    60 |    20 ||    80
       Throw Flame       |     3 |     2 ||     5
  Use: Potion            |     3 |       ||     3
       Scroll            |     2 |     5 ||     7
  Eat: Chunk             |     1 |     1 ||     2
Armor: Robe              |     3 |       ||     3
Dodge: Dodged            |    17 |     7 ||    24

Table legend:
 A = Non-vault XP
 B = Vault XP
 C = Vault XP percentage of total XP
 D = Non-vault monster count
 E = Vault monster count
 F = Vault count percentage of total count
                 A         B        C        D         E       F
            +---------+---------+-------+---------+---------+-------
      Total |     108 |       0 |   0.0 |      41 |       0 |   0.0
            +---------+---------+-------+---------+---------+-------
        D:1 |      44 |       0 |   0.0 |      18 |       0 |   0.0
        D:2 |      54 |       0 |   0.0 |      18 |       0 |   0.0
        D:3 |      10 |       0 |   0.0 |       5 |       0 |   0.0
            +---------+---------+-------+---------+---------+-------
